 Dungeon Crawl Stone Soup version 0.31.0-12-g77e489cdc1 (webtiles) character file.

Game seed: 18171530080952109213

549649 Stirner the Sorcerer (level 25, -3/197 HPs)
             Began as a Mummy Necromancer on Mar 1, 2024.
             Was the Champion of Kikubaaqudgha.
             Killed by an exploding slime creature zombie (39 damage)
             ... ignited by their inner flame
             ... on level 5 of the Pits of Slime on Mar 6, 2024.
             The game lasted 14:53:57 (84581 turns).

Stirner the Sorcerer (Mummy Necromancer)           Turns: 84581, Time: 14:53:57

Health: -3/197     AC: 31    Str: 16    XL:     25   Next: 51%
Magic:  26/51      EV: 20    Int: 40    God:    Kikubaaqudgha [******]
Gold:   4167       SH: 21    Dex: 17    Spells: 3/72 levels left

rFire   . . .        e - staff "Reikirghi" {rN+ Int+3 Necro}
rCold   + . .        K - +2 tower shield {AC+3}
rNeg    + + +        L - +8 ring mail "Xetwaqon" {rF+ Int+5}
rPois   ∞            i - +2 helmet {Int+3}
rElec   .            A - +2 cloak {rCorr}
rCorr   +            n - +2 pair of gloves
SInv    +            Y - +1 pair of boots of Hedge Wizardry {Int+2}
Will    +++..        y - amulet "Eqegikh Qutu" {Regen+ Dex+4 SInv}
Stlth   +            l - ring "Naonix" {rPois EV+5 Str+3 Int+3}
HPRegen 1.32/turn    (no ring)
MPRegen 0.32/turn

%: faith
@: studying 2 skills
A: cold resistance 1, negative energy resistance 3, torment resistance 2, heat
vulnerability 1, in touch with death 2, no potions, faith
}: 2/15 runes: serpentine, barnacled
a: Renounce Religion, Unearth Wretches, Torment


You were on level 5 of the Pits of Slime.
You worshipped Kikubaaqudgha.
Kikubaaqudgha was exalted by your worship.
You visited 12 branches of the dungeon, and saw 51 of its levels.
You also visited: Bailey, Gauntlet, Wizlab and Desolation.

You collected 7359 gold pieces.
You spent 3192 gold pieces at shops.

Inventory:

Hand Weapons
 C - the +8 morningstar of the Hungering Gods {pain, rCorr}
   (You found it in the Desolation of Salt)

   rCorr:     It protects you from acid and corrosion.
 G - the +8 lance "Wyrmbane" {slay drac, rPois rF+ rC+ AC+3}
   (You took it off a deep elf elementalist on level 3 of the Elven Halls)

   AC+3:      It affects your AC (+3).
   rF+:       It protects you from fire.
   rC+:       It protects you from cold.
   rPois:     It protects you from poison
Missiles
 x - 17 silver javelins
Armour
 a - the +6 scale mail of Divine Compulsion {rElec Dex+2}
   (You took it off a meliai on level 15 of the Dungeon)

   Dex+2:     It affects your dexterity (+2).
   rElec:     It insulates you from electricity.
 d - the +0 pair of gloves "Otzeec" {Slay+2}
   (You found it on level 1 of the Crypt)

   Slay+2:    It affects your accuracy & damage with ranged weapons and melee
   (+2).
 i - a +2 helmet of intelligence (worn)
 n - a +2 pair of gloves (worn)
 A - a +2 cloak of preservation (worn)
 K - a +2 tower shield of protection (worn)
 L - the +8 ring mail "Xetwaqon" (worn) {rF+ Int+5}
   (You acquired it on level 3 of the Snake Pit)

   Int+5:     It affects your intelligence (+5).
   rF+:       It protects you from fire.
 N - a +2 pair of boots of rampaging
 S - the +0 hat "Siucos" {rF+}
   (You acquired it on level 3 of the Elven Halls)

   rF+:       It protects you from fire.
 T - the +13 crystal plate armour of Wu Jian's Outrage {rC+ Int+2 Dex+3}
   (You took it off a deep elf high priest on level 3 of the Elven Halls)

   Int+2:     It affects your intelligence (+2).
   Dex+3:     It affects your dexterity (+3).
   rC+:       It protects you from cold.
 U - the +3 ring mail of Hepliaklqana {rF+ rC+ Dex+2}
   (You found it on level 1 of the Depths)

   Dex+2:     It affects your dexterity (+2).
   rF+:       It protects you from fire.
   rC+:       It protects you from cold.
 W - the +0 kite shield of Zuown {Will+}
   (You found it in a Gauntlet)

   Will+:     It increases your willpower.
 X - a +2 pair of boots of flying
 Y - the +1 pair of boots of Hedge Wizardry (worn) {Int+2}
   (You acquired it on level 3 of the Elven Halls)

   Int+2:     It affects your intelligence (+2).
Magical Staves
 e - the staff "Reikirghi" (weapon) {rN+ Int+3 Necro}
   (You found it on level 3 of the Elven Halls)

   [staff of death]

   Base accuracy: +5 Base damage: 5 Base attack delay: 1.2 This weapon's minimum
   attack delay (0.6) is reached at skill level 12.
   Int+3:     It affects your intelligence (+3).
   rN+:       It protects you from negative energy.
   Necro:     It increases the power of your Necromancy spells.
   It falls into the 'Staves' category.
   It is a one-handed weapon.
 D - the staff "Jellybane" {rPois rF+++ Str-2 Earth Alchemy}
   (You found it on level 3 of the Elven Halls)

   [staff of earth]

   Base accuracy: +5 Base damage: 5 Base attack delay: 1.2 This weapon's minimum
   attack delay (0.6) is reached at skill level 12.
   Str-2:     It affects your strength (-2).
   rF+++:     It renders you almost immune to fire.
   rPois:     It protects you from poison Earth: It increases the power of your
   Earth spells.
   Alchemy:   It increases the power of your Alchemy spells.
   It falls into the 'Staves' category.
   It is a one-handed weapon.
Jewellery
 f - the ring of the Good {rElec rF+ rCorr Slay-4}
   (You found it on level 2 of the Dungeon)

   [ring of protection from fire]

   Slay-4:    It affects your accuracy & damage with ranged weapons and melee
   (-4).
   rF+:       It protects you from fire.
   rElec:     It insulates you from electricity.
   rCorr:     It protects you from acid and corrosion.
 l - the ring "Naonix" (left hand) {rPois EV+5 Str+3 Int+3}
   (You found it in a Gauntlet)

   [ring of evasion]

   EV+5:      It affects your evasion (+5).
   Str+3:     It affects your strength (+3).
   Int+3:     It affects your intelligence (+3).
   rPois:     It protects you from poison
 s - the ring "Hedewyus" {rC- MP+9 Int+3 Dex+5}
   (You found it in a Gauntlet)

   [ring of magical power]

   Int+3:     It affects your intelligence (+3).
   Dex+5:     It affects your dexterity (+5).
   rC-:       It makes you vulnerable to cold.
   MP+9:      It affects your magic capacity (+9).
 w - the ring "Fots" {rN++ Will+ Slay+5 SInv}
   (You took it off a ragged hierophant in the Desolation of Salt)

   [ring of see invisible]

   Slay+5:    It affects your accuracy & damage with ranged weapons and melee
   (+5).
   rN++:      It greatly protects you from negative energy.
   Will+:     It increases your willpower.
   SInv:      It lets you see invisible.
 y - the amulet "Eqegikh Qutu" (around neck) {Regen+ Dex+4 SInv}
   (You took it off a ragged hierophant in the Desolation of Salt)

   [amulet of regeneration]

   Dex+4:     It affects your dexterity (+4).
   SInv:      It lets you see invisible.
   Regen+:    It increases your rate of health regeneration.
 F - the ring "Heblaot" {rElec rPois rF- Int+6}
   (You took it off a minotaur in a Gauntlet)

   [ring of poison resistance]

   Int+6:     It affects your intelligence (+6).
   rF-:       It makes you vulnerable to fire.
   rElec:     It insulates you from electricity.
   rPois:     It protects you from poison
 I - a ring of protection from fire
 V - a ring of protection from cold
Wands
 k - a wand of flame (110) (quivered)
 q - a wand of digging (9)
 r - a wand of mindburst (54)
 u - a wand of light (17)
 z - a wand of iceblast (45)
 M - a wand of paralysis (38)
 Z - a wand of polymorph (8)
Scrolls
 b - 6 scrolls of vulnerability
 g - 5 scrolls of immolation
 h - 7 scrolls of revelation
 j - 2 scrolls of butterflies
 m - 3 scrolls of silence
 o - 7 scrolls of fear
 p - 18 scrolls of teleportation
 B - 3 scrolls of enchant armour
 E - 9 scrolls of blinking
 H - 3 scrolls of torment
 O - 11 scrolls of poison
 P - 8 scrolls of fog
 R - 11 scrolls of enchant weapon
Miscellaneous
 c - a phantom mirror
 t - a phial of floods
 v - a lightning rod (4/4)
 J - a tin of tremorstones (2/2)
 Q - a sack of spiders


   Skills:
 - Level 16.0 Fighting
 - Level 12.0 Armour
 + Level 10.9 Dodging
 - Level 2.0 Stealth
 - Level 14.0 Shields
 - Level 24.0 Spellcasting
 - Level 8.0 Hexes
 - Level 12.0 Summonings
 - Level 22.0 Necromancy
 - Level 8.0 Air Magic
 - Level 14.0 Earth Magic
 - Level 14.0 Evocations


You had 3 spell levels left.
You knew the following spells:

 Your Spells              Type           Power      Damage    Failure   Level
a - Stone Arrow           Conj/Erth      100%       3d13      1%          3
b - Vampiric Draining     Necr           100%       2d13      0%          3
c - Animate Dead          Necr           100%       N/A       0%          4
d - Curse of Agony        Necr           100%       N/A       0%          5
e - Lee's Rapid Deconstr  Erth           51%        3d24*     1%          5
f - Fugue of the Fallen   Necr           100%       N/A       0%          3
g - Passwall              Erth           100%       N/A       1%          3
h - Dispel Undead         Necr           100%       3d31      0%          4
i - Martyr's Knell        Necr/Summ      100%       N/A       1%          4
j - Death Channel         Necr           100%       N/A       1%          6
k - Haunt                 Necr/Summ      93%        N/A       1%          7
l - Infestation           Necr           100%       N/A       1%          8
m - Call Imp              Summ           100%       N/A       1%          2
n - Borgnjor's Vile Clut  Necr/Erth      95%        N/A       1%          5
o - Anguish               Hex/Necr       90%        N/A       1%          4
p - Swiftness             Air            84%        N/A       1%          3

Your spell library contained the following spells:

 Spells                   Type           Power      Damage    Failure   Level
 Necrotise                Necr           100%       1d9       0%          1
 Kiss of Death            Conj/Necr      100%       2d13      1%          1
 Shock                    Conj/Air       100%       1d9       1%          1
 Slow                     Hex            100%       N/A       1%          1
 Cigotuvi's Dreadful Rot  Necr/Alch/Air  100%       N/A       1%          2
 Ensorcelled Hibernation  Hex/Ice        100%       N/A       1%          2
 Jinxbite                 Hex            100%       N/A       1%          2
 Mercury Vapours          Alch/Air       100%       N/A       1%          2
 Confusing Touch          Hex            84%        N/A       1%          3
 Dazzling Flash           Conj/Hex       100%       N/A       1%          3
 Inner Flame              Hex/Fire       68%        N/A       1%          3
 Sigil of Binding         Hex            84%        N/A       1%          3
 Tukima's Dance           Hex            84%        N/A       1%          3
 Apportation              Tloc           96%        N/A       2%          1
 Foxfire                  Conj/Fire      100%       2x1d9     2%          1
 Magic Dart               Conj           100%       1d8       2%          1
 Sting                    Conj/Alch      100%       1d9       2%          1
 Mephitic Cloud           Conj/Alch/Air  62%        N/A       2%          3
 Momentum Strike          Conj/Tloc      96%        3d10      3%          2
 Searing Ray              Conj           96%        2d7       3%          2
 Ozocubu's Armour         Ice            48%        N/A       8%          3
 Volatile Blastmotes      Fire/Tloc      96%        2d18      8%          3
 Airstrike                Air            42%        2d(6-22)  1%          4
 Animate Armour           Summ/Erth      100%       N/A       1%          4
 Cause Fear               Hex            42%        N/A       1%          4
 Petrify                  Alch/Erth      81%        N/A       1%          4
 Summon Lightning Spire   Summ/Air       91%        N/A       1%          4
 Summon Mana Viper        Hex/Summ       91%        N/A       1%          5
 Silence                  Hex/Air        42%        N/A       2%          5
 Summon Cactus Giant      Summ           48%        N/A       2%          6
 Dimensional Bullseye     Hex/Tloc       34%        N/A       4%          4
 Vhi's Electric Charge    Tloc/Air       100%       N/A       4%          4
 Summon Forest            Summ/Tloc      38%        N/A       6%          5
 Arcjolt                  Conj/Air       34%        1d44      14%         5
 Metabolic Englaciation   Hex/Ice        34%        N/A       14%         5
 Yara's Violent Unravell  Hex/Alch       34%        3d14      14%         5
 Summon Hydra             Summ           48%        N/A       16%         7
 Freezing Cloud           Conj/Ice/Air   31%        6-21      24%         5
 Flame Wave               Conj/Fire      48%        2d12      26%         4
 Fulminant Prism          Conj/Alch      24%        3d12      26%         4
 Ignite Poison            Fire/Alch      48%        N/A       26%         4
 Iskenderun's Mystic Bla  Conj/Tloc      48%        2d11      26%         4
 Manifold Assault         Tloc           48%        N/A       26%         4
 Olgreb's Toxic Radiance  Alch           48%        N/A       26%         4
 Passage of Golubria      Tloc           48%        N/A       26%         4
 Sticky Flame             Fire/Alch      48%        2d9       26%         4
 Alistair's Intoxication  Alch           32%        N/A       56%         5
 Irradiate                Conj/Alch      24%        3d19      56%         5
 Plasma Beam              Fire/Air       34%        2x1d47    58%         6
 Enfeeble                 Hex            42%        N/A       63%         7
 Summon Horrible Things   Summ           48%        N/A       77%         8
 Malign Gateway           Summ/Tloc      38%        N/A       88%         7
 Dispersal                Tloc           24%        N/A       98%         6
 Sculpt Simulacrum        Ice/Alch       24%        N/A       98%         6
 Starburst                Conj/Fire      24%        6d8       98%         6
 Discord                  Hex            42%        N/A       99%         8
 Maxwell's Capacitive Co  Air            42%        ∞         99%         8
 Ozocubu's Refrigeration  Ice            24%        4d12      100%        7
 Disjunction              Tloc           24%        N/A       100%        8
 Lehudib's Crystal Spear  Conj/Erth      40%        10d10     100%        8
 Fire Storm               Conj/Fire      24%        8d6       100%        9
 Sublimation of Blood     Necr           Unusable   N/A       N/A         2

Dungeon Overview and Level Annotations

Branches:
Dungeon (15/15)            Temple (1/1) D:5            Lair (5/5) D:8
 Shoals (4/4) Lair:3        Snake (4/4) Lair:3        Slime (5/5) Lair:5
    Orc (2/2) D:9             Elf (3/3) Orc:2        Vaults (4/5) D:14
  Crypt (3/3) Vaults:2       Tomb (1/3) Crypt:3      Depths (4/4) D:15
    Zot (0/5) Depths:4     Bailey (visited)          WizLab (visited)
Desolation (visited)      Gauntlet (visited)

Altars:
Ashenzari
Cheibriados
Dithmenos
Fedhas
Gozag
Hepliaklqana
Kikubaaqudgha
Makhleb
Nemelex Xobeh
Okawaru
Qazlal
Ru
Sif Muna
Trog
Uskayaw
Vehumet
Wu Jian
Xom
Yredelemnul
Jiyva

Shops:
D:2 ?   Orc:1 [   Orc:2 (*(*   Elf:2 [   Elf:3 ?   Shoals:1 *   Shoals:3 [
Shoals:4 *   Vaults:1 (   Vaults:2 =   Vaults:3 ?   Depths:1 :=:   Depths:2 (
Depths:4 =

Portals:
Hell: Depths:1 Depths:2 Depths:3 Depths:4
Abyss: Depths:3 Depths:4
Pandemonium: Depths:2 Depths:4
Ziggurat: Depths:3

Annotations:
D:1 exclusion: downstairs
D:2 exclusion: downstairs
D:6 exclusion: downstairs
D:8 exclusion: downstairs
Lair:1 exclusion: downstairs
Lair:2 exclusion: oklob plant
Lair:4 exclusion: downstairs
Slime:5 Royal Jelly


Innate Abilities, Weirdness & Mutations

You are immune to poison.
Your flesh is cold resistant. (rC+)
You are immune to negative energy. (rN+++)
You are immune to unholy pain and torment.
You are vulnerable to heat. (rF-)
You are strongly in touch with the powers of death.
You do not drink.
You have a special connection with the divine. (Faith)


Message History

The rockslime explodes!
The fiery explosion engulfs you!!!
* * * LOW HITPOINT WARNING * * *
The fiery explosion engulfs your acid blob zombie!!!
The fiery explosion engulfs the rockslime.
The rockslime completely resists.
The rockslime is severely wounded.
The fiery explosion engulfs your quicksilver ooze zombie!!
Flame seeps out of your quicksilver ooze zombie.
Your quicksilver ooze zombie is heavily damaged.
The fiery explosion engulfs the rockslime.
The rockslime resists.
Flame seeps out of the rockslime.
The rockslime is severely wounded.
The fiery explosion engulfs the rockslime.
The rockslime resists.
Flame seeps out of the rockslime.
The rockslime is lightly wounded.
The fiery explosion engulfs your slime creature zombie!!!
Flame seeps out of your slime creature zombie.
Your slime creature zombie is almost destroyed.
The fiery explosion engulfs the rockslime.
The rockslime resists.
Flame seeps out of the rockslime.
The rockslime is almost dead.
The fiery explosion engulfs the quicksilver ooze!!
You kill the quicksilver ooze!
That felt strangely unrewarding.
The fiery explosion engulfs your slime creature zombie!!! x2
Your slime creature zombie explodes!
The fiery explosion engulfs your quicksilver ooze zombie!!
Flame seeps out of your quicksilver ooze zombie.
Your quicksilver ooze zombie is moderately damaged.
The fiery explosion engulfs your quicksilver ooze zombie!!!
Flame seeps out of your quicksilver ooze zombie.
Your quicksilver ooze zombie is almost destroyed.
The fiery explosion engulfs your great orb of eyes zombie!!
Flame seeps out of your great orb of eyes zombie.
Your great orb of eyes zombie is moderately damaged.
Your slime creature zombie explodes!
The fiery explosion engulfs you!!!
You die...
Kikubaaqudgha rasps: "You have failed me!
Welcome... oblivion!"

*......# *#...... *#.....#
##..... #...JJ# #...... #..JJJ#
#...... ****#** ###..JJJ#
*###**##......
,,..#.###...JJJJ####..##.#.......
............JJJJ#○Z.#...#........
.............§§○○ZZB.............
............JJ○○@ZZZ.............
.*...#........§○§§B...#...#......
.,#.,#........§§§§§#...#*.#......
*****#####....#..#######**#......
##....### #...... #....# ##.....
##....# #...... #.....# #......
#.....## ##......


You could see the Royal Jelly (inner flame, ally target), 3 acid blobs, 2 azure
jellies, 7 rockslimes, 5 quicksilver oozes, 2 friendly death scarabs, 3 friendly
slime creature zombies, a friendly great orb of eyes zombie (inner flame) and 2
friendly quicksilver ooze zombies.

Vanquished Creatures
  An ancient lich (Crypt:3)
  A juggernaut (Depths:4)
  A royal mummy (Tomb:1)
  2 caustic shrikes
  Jory (Crypt:1)
  3 golden dragons
  4 liches
  The ghost of Nilihum the Tortoise, an adept AtFi of Okawaru (Elf:1)
  2 acid blobs
  Asterion (Elf:3)
  5 deep elf blademasters
  5 ancient champions
  A walking divine tome (Depths:2)
  4 sphinxes
  A kraken (Shoals:4)
  Gastronok (D:12)
  The ghost of Cuczuareg the Devastator, an adept TeAE of Sif Muna (Shoals:3)
  Donald (Elf:1)
  A storm dragon (Depths:4)
  3 tengu reavers
  3 azure jellies
  4 rockslimes
  A shadow dragon (Depths:3)
  7 fire giants
  7 revenants
  3 nagarajas
  4 frost giants
  2 curse skulls (Crypt:3)
  7 vault wardens
  2 orc warlords (Elf:2)
  4 deep elf elementalists (Elf:3)
  3 deep elf sorcerers (Elf:3)
  6 imperial myrmidons (Desolation)
  2 caustic shrike zombies
  2 draconian stormcallers (Depths:4)
  2 reapers (Crypt:3)
  8 ghouls
  A spectral caustic shrike (WizLab)
  An angel (Depths:3)
  3 formless jellyfish
  A caustic shrike skeleton (Crypt:3)
  Nessos (D:12)
  3 very ugly things
  3 ironbound thunderhulks
  14 ironbound preservers
  8 stone giants
  4 quicksilver oozes
  9 vampire knights
  7 dire elephants
  5 deep elf death magi
  3 purple draconians (Depths:4)
  4 deep elf annihilators (Elf:3)
  A black draconian (Depths:4)
  3 deep elf demonologists (Elf:3)
  4 halazid warlocks (WizLab)
  4 war gargoyles
  2 spark wasps
  6 eidola
  An acid blob zombie (Slime:5)
  3 spectral quicksilver dragons (WizLab)
  A crystal guardian (Desolation)
  Josephine (D:15)
  5 ettins
  2 merfolk javelineers
  An entropy weaver (shapeshifter) (Depths:3)
  10 jiangshi
  2 entropy weavers
  7 mummy priests
  4 fire dragons
  3 merfolk impalers
  3 ragged hierophants (Desolation)
  Fannar (Lair:2)
  7 great orbs of eyes
  6 deep elf high priests (Elf:3)
  7 yaktaur captains
  2 salamander tyrants (Snake:3)
  13 vault guards
  Harold (D:9)
  2 servants of whispers (Desolation)
  2 spriggan air magi
  An alligator snapping turtle (Shoals:4)
  5 hydras
  4 ice dragons
  4 rakshasas
  6 peacekeepers
  2 merfolk avatars
  5 spriggan skeletons
  6 two-headed ogres
  A death knight (Crypt:1)
  2 boulder beetles
  5 centaur warriors
  4 ironbound frosthearts
  A sphinx skeleton (Crypt:2)
  A merfolk aquamancer (Shoals:4)
  5 anacondas
  5 death yaks
  5 deep troll shamans
  A satyr (Shoals:4)
  8 naga warriors
  19 death scarabs (Tomb:1)
  3 deep troll earth magi
  34 dancing weapons
  4 shock serpents
  10 tengu warriors
  8 naga sharpshooters
  5 vampire magi
  5 orc high priests
  3 spriggan berserkers (Depths:2)
  An occultist (Depths:3)
  5 skysharks
  8 soul eaters
  10 deep elf knights
  3 sea snakes
  A fire crab (D:8)
  A shadow wraith (WizLab)
  2 spectral spark wasps (WizLab)
  An iron troll (Depths:1)
  2 salamander mystics
  4 skeletal warriors
  An iron giant zombie (Crypt:2)
  2 bunyip zombies (Crypt:3)
  A spark wasp zombie (WizLab)
  A storm dragon skeleton (Crypt:1)
  7 naga ritualists
  2 mana vipers (Snake:2)
  23 slime creatures
  2 bog bodies (Crypt:1)
  3 flayed ghosts
  2 glowing orange brains (Depths:3)
  36 deep trolls
  4 lindwurms
  7 orc knights
  30 phantasmal warriors
  7 arcanists
  A shadow dragon zombie (Tomb:1)
  7 deep elf archers
  9 ironbound convokers
  20 deep elf pyromancers
  14 deep elf zephyrmancers
  A spectral wolf spider (WizLab)
  4 harpies
  12 necromancers
  2 orc sorcerers (Orc:2)
  An anaconda skeleton (Crypt:3)
  A broodmother zombie (Crypt:2)
  18 ugly things
  2 oklob plants
  A wolf spider (Crypt:3)
  3 fauns
  6 salamanders
  2 stone giant zombies
  6 cyclopes
  14 manticores
  Maurice (D:7)
  An iron dragon skeleton (Crypt:1)
  20 black mambas
  A shining eye (Slime:1)
  A worldbinder (Gauntlet)
  A meliai (shapeshifter) (Depths:3)
  3 meliai (D:15)
  An alligator snapping turtle zombie (Crypt:3)
  2 dire elephant zombies (Crypt:3)
  10 naga magi
  5 vault sentinels
  5 kobold blastminers (Orc:1)
  3 merfolk sirens
  2 naga zombies (Crypt:3)
  6 cane toads
  2 stone giant skeletons
  A gargoyle (D:12)
  2 eyes of devastation
  A cane toad (shapeshifter) (Elf:1)
  A molten gargoyle (Desolation)
  A guardian serpent (Vaults:3)
  An orange demon (D:9)
  A water nymph (Shoals:4)
  A centaur skeleton (Crypt:3)
  3 torpor snails
  A dire elephant skeleton (Crypt:1)
  An unseen horror (D:10)
  Jeremiah (D:7)
  2 rime drakes
  19 yaktaurs
  7 komodo dragons
  Maggie (D:9)
  A kobold demonologist (D:9)
  4 tengu conjurers
  7 freezing wraiths
  A pale draconian skeleton (Crypt:2)
  A hydra zombie (Crypt:1)
  2 spectral harpies (WizLab)
  17 merfolk
  2 tyrant leeches (Lair:5)
  3 harpy zombies
  2 trolls
  8 guardian mummies
  A great orb of eyes zombie (Slime:5)
  6 hellwings (Crypt:3)
  A moth of wrath zombie (Crypt:1)
  3 hornets (Lair:5)
  A nameless horror (Vaults:1)
  2 raiju (shapeshifter)
  5 snapping turtles
  2 polar bears
  14 blink frogs
  A wind drake (Shoals:4)
  7 glass eyes
  14 saltlings (Desolation)
  A death drake skeleton (Crypt:1)
  6 spriggan zombies
  3 harpy skeletons
  An ettin zombie (Crypt:3)
  7 dream sheep
  A black mamba zombie (Crypt:3)
  6 air elementals
  8 water elementals
  3 jumping spiders (Crypt:3)
  A spriggan (shapeshifter) (D:15)
  A dire elephant simulacrum (Crypt:1)
  4 vampires
  4 wyverns
  2 ushabtiu
  10 wraiths
  13 yaks
  8 fire elementals
  A hog (shapeshifter) (Elf:2)
  A black mamba skeleton (Crypt:1)
  2 basilisks
  5 golden eyes (Slime:1)
  13 humans (D:14)
  4 steam dragons
  5 slime creature zombies (Slime:5)
  2 wargs
  3 redbacks (Crypt:3)
  8 vampire mosquitoes
  A small abomination (Crypt:1)
  14 nagas
  12 water moccasins
  A two-headed ogre zombie (Crypt:2)
  Duvessa (D:4)
  3 naga skeletons
  3 acid dragons
  2 ice beasts (D:5)
  30 orc warriors
  A black bear (D:5)
  An elf zombie (Elf:1)
  13 laughing skulls
  11 wolves
  2 ogres (Orc:2)
  21 centaurs
  4 kobold brigands
  A draconian zombie (Crypt:1)
  Blork the orc (D:5)
  A brain worm (shapeshifter) (Depths:3)
  8 bullfrogs
  2 gnoll sergeants
  A scorpion (D:7)
  A wyvern zombie (Crypt:2)
  10 earth elementals
  4 necrophages
  7 wights
  9 wyvern skeletons (Crypt:3)
  Dowan (D:4)
  6 killer bees
  A howler monkey (D:13)
  An electric eel (Lair:4)
  2 bombardier beetles
  7 jellies
  2 hounds
  4 centaur zombies
  16 orc priests
  A gnoll bouda (D:9)
  Ijyb (D:5)
  18 orc wizards
  A boggart zombie (Crypt:1)
  A brain worm zombie (Crypt:1)
  A deep dwarf skeleton (Crypt:1)
  A hound skeleton (Crypt:2)
  12 mummies (Tomb:1)
  7 adders
  12 gnolls
  A shadow imp (D:6)
  2 ufetubi (D:6)
  An adder skeleton (Crypt:1)
  A lava snake skeleton (Crypt:2)
  2 dart slugs (D:3)
  70 orcs
  9 endoplasms
  4 giant cockroaches
  6 goblins
  5 hobgoblins
  A quokka (D:1)
  9 ball pythons
  4 bats
  5 frilled lizards
  23 kobolds
  An orc skeleton (Crypt:2)
  2 orc zombies
  5 rats
  2 ball lightnings (Elf:2)
  A tentacle (Shoals:4)
1480 creatures vanquished.

Vanquished Creatures (collateral kills)
  A royal mummy (Tomb:1)
  Vashnia (Snake:3)
  5 caustic shrikes
  2 golden dragons
  2 tentacled monstrosities (Depths:2)
  A walking divine tome (Depths:4)
  8 sphinxes
  19 acid blobs
  A walking frostbound tome (Depths:2)
  2 shadow dragons (Depths:3)
  Frances (Shoals:1)
  2 storm dragons (Depths:4)
  A rockslime (Slime:3)
  4 nagarajas
  7 azure jellies
  3 deep elf sorcerers (Elf:3)
  6 frost giants
  7 imperial myrmidons (Desolation)
  An iron dragon (Depths:4)
  A fire giant (Depths:2)
  An orc warlord (Elf:2)
  2 vault wardens
  2 deep elf elementalists (Elf:3)
  A ghoul (Crypt:1)
  5 quicksilver oozes
  An angel (Depths:3)
  A spriggan defender (Depths:2)
  A juggernaut skeleton (Crypt:1)
  An ironbound thunderhulk (Vaults:2)
  5 ironbound preservers
  8 very ugly things
  9 stone giants
  8 formless jellyfish
  A vampire knight (Depths:1)
  A green draconian (Depths:4)
  4 dire elephants
  A halazid warlock (Desolation)
  A yellow draconian (Depths:4)
  A minotaur (Gauntlet)
  A mummy priest (Tomb:1)
  5 merfolk javelineers
  7 ragged hierophants
  3 fire dragons
  2 crystal guardians (Desolation)
  7 merfolk impalers
  2 ettins (Depths:4)
  A deep elf high priest (Elf:3)
  9 great orbs of eyes
  2 spriggan air magi
  2 vault guards (Vaults:4)
  4 hydras
  2 ice dragons
  A catoblepas (Lair:5)
  3 peacekeepers (Desolation)
  5 servants of whispers (Desolation)
  2 ironbound frosthearts
  An alligator snapping turtle (Shoals:4)
  6 centaur warriors
  2 salamander tyrants (Snake:4)
  4 anacondas (Snake:3)
  A merfolk avatar (Shoals:4)
  2 death yaks (Gauntlet)
  A death knight (Crypt:1)
  2 merfolk aquamancers
  3 boulder beetles
  A satyr (Shoals:3)
  4 tengu warriors
  8 naga warriors
  5 deep troll earth magi
  2 spriggan berserkers
  3 deep troll shamans
  2 vampire magi
  3 dancing weapons
  Urug (Orc:2)
  5 death scarabs (Tomb:1)
  9 naga sharpshooters
  3 orc high priests
  3 hell knights (Depths:4)
  A spriggan (Depths:1)
  A soul eater (Crypt:3)
  A shock serpent (Snake:4)
  3 skysharks
  2 deep elf knights
  5 iron trolls
  5 salamander mystics
  A flayed ghost (Crypt:1)
  Amaemon (D:9)
  6 sea snakes
  28 deep trolls
  3 arcanists
  5 glowing orange brains
  An orc knight (Orc:2)
  2 lindwurms
  5 mana vipers
  2 harpies (Shoals:3)
  5 naga ritualists
  8 deep elf zephyrmancers
  4 phantasmal warriors
  6 ironbound convokers
  4 deep elf archers
  5 necromancers
  5 deep elf pyromancers
  2 orc sorcerers (Orc:2)
  7 fauns
  5 salamanders (Snake:4)
  3 shining eyes (Slime:5)
  A cyclops (Shoals:2)
  12 manticores
  5 guardian serpents
  9 ugly things
  5 vault sentinels
  10 merfolk sirens
  4 water nymphs
  A smoke demon (Depths:2)
  3 kobold blastminers
  10 naga magi
  25 black mambas
  6 torpor snails
  3 cane toads
  3 eyes of devastation
  A gargoyle (D:12)
  A kobold demonologist (D:11)
  A rime drake (Lair:5)
  19 yaktaurs
  2 nameless horrors
  A guardian mummy (Tomb:1)
  2 tengu conjurers
  21 merfolk
  A troll (shapeshifter) (Depths:3)
  7 hellwings (Crypt:3)
  11 blink frogs
  A troll (D:13)
  7 hornets
  A polar bear (Lair:3)
  4 wind drakes
  46 saltlings
  7 dream sheep
  A tyrant leech (Lair:5)
  4 glass eyes
  3 snapping turtles
  61 slime creatures
  A black mamba zombie (Crypt:1)
  2 air elementals
  A vampire (Vaults:2)
  16 water elementals
  A yak (shapeshifter) (Depths:3)
  15 yaks
  A wyvern (Lair:3)
  2 basilisks
  6 humans (D:14)
  A redback (Vaults:1)
  A golden eye (Slime:1)
  17 nagas
  6 water moccasins
  A naga skeleton (Crypt:1)
  4 orc warriors
  A sky beast (D:8)
  A laughing skull (Crypt:1)
  3 centaurs
  2 ogres (Orc:2)
  5 wolves (Lair:2)
  A bullfrog (Lair:4)
  A wight (D:7)
  A howler monkey (D:10)
  2 orc priests
  A jelly (Lair:5)
  5 orc wizards
  A mummy (Tomb:1)
  3 gnolls (D:9)
  A white imp (D:8)
  20 orcs
  3 endoplasms
  3 goblins (D:8)
  A kobold (D:7)
  A rat (D:3)
  A butterfly (Lair:3)
  A tentacle (Shoals:4)
816 creatures vanquished.

Vanquished Creatures (others)
  14 imperial myrmidons (Desolation)
  3 caustic shrike zombies (Depths:4)
  An ironbound preserver (Vaults:4)
  3 stone giants
  An ironbound thunderhulk (Vaults:4)
  A war gargoyle (Vaults:2)
  2 ettins (Depths:4)
  An acid blob zombie (Slime:5)
  A ragged hierophant (Desolation)
  2 sphinx zombies (Tomb:1)
  A centaur warrior (Gauntlet)
  2 merfolk aquamancers (Shoals:4)
  A tengu warrior (Gauntlet)
  An azure jelly zombie (Slime:5)
  A naga warrior (Snake:4)
  An orc high priest (Gauntlet)
  A shock serpent (Snake:4)
  A deep troll shaman (Depths:3)
  3 hell knights (Depths:4)
  A deep elf knight (Elf:1)
  A skyshark (shapeshifter) (Depths:4)
  2 anaconda zombies (Snake:3)
  A naga ritualist (Snake:4)
  An ogre zombie (Vaults:2)
  2 golden dragon zombies
  2 deep trolls
  2 lindwurms (Vaults:3)
  3 deep elf pyromancers
  2 deep elf archers
  6 ugly thing zombies
  3 deep elf zephyrmancers
  A manticore (D:9)
  2 fire giant zombies
  An ugly thing (Vaults:2)
  A stone giant zombie (Depths:4)
  A salamander (Snake:4)
  2 shock serpent zombies (Snake:4)
  A black mamba (Snake:4)
  2 dire elephant zombies
  A formless jellyfish zombie (Vaults:1)
  A kobold blastminer (Orc:1)
  2 mana viper zombies (Snake:3)
  24 human zombies
  2 sea snake zombies
  2 death yak zombies (Gauntlet)
  2 iron troll zombies (Depths:2)
  3 hydra zombies
  A merfolk (Shoals:4)
  4 harpy zombies
  A saltling (Desolation)
  2 fire dragon zombies
  A guardian serpent zombie (Desolation)
  16 black mamba zombies
  A slime creature (Slime:5)
  A spriggan (Depths:1)
  2 wind drake zombies
  3 slime creature zombies
  A basilisk (shapeshifter) (Depths:1)
  A water elemental (Elf:2)
  3 skyshark zombies
  13 merfolk zombies
  2 tengu zombies
  A water nymph zombie (Shoals:1)
  A two-headed ogre zombie (D:12)
  19 deep troll zombies
  An entropy weaver zombie (Vaults:1)
  3 cane toad zombies
  3 lindwurm zombies (Vaults:3)
  16 elf zombies
  A hog zombie (Elf:2)
  3 manticore zombies
  5 blink frog zombies
  2 komodo dragon zombies
  2 torpor snail zombies
  18 naga zombies
  5 salamander zombies (Snake:4)
  A wyvern zombie (Lair:4)
  5 yaktaur zombies (Vaults:4)
  A cyclops zombie (Shoals:4)
  6 water moccasin zombies
  A polar bear zombie (Lair:5)
  A troll zombie (Depths:3)
  2 spriggan zombies
  5 yak zombies
  11 wolf zombies (Lair:2)
  4 bullfrog zombies
  11 centaur zombies
  A jelly (D:9)
  An orc priest (Orc:2)
  A basilisk zombie (Lair:4)
  An orc wizard (D:9)
  A scorpion zombie (D:7)
  6 killer bee zombies
  A brain worm zombie (Depths:3)
  A sky beast zombie (D:8)
  A howler monkey zombie (D:13)
  2 steam dragon zombies
  3 jelly zombies
  87 orc zombies
  2 orcs
  8 gnoll zombies
  6 kobold zombies
  5 ball lightnings (Elf:2)
  A butterfly (D:14)
  A spectral weapon (D:12)
  8 tentacles (Shoals:4)
432 creatures vanquished.

Grand Total: 2728 creatures vanquished

Notes
Turn   | Place    | Note
-------+----------+-------------------------------------------
     0 | D:1      | Stirner the Mummy Necromancer began the quest for the Orb.
     0 | D:1      | Reached XP level 1. HP: 13/13 MP: 4/4
   150 | D:1      | Reached XP level 2. HP: 19/19 MP: 0/5
   259 | D:1      | Reached skill level 3 in Spellcasting
   728 | D:2      | Identified the ring of the Good {rElec rF+ rCorr Slay-4}
   777 | D:2      | Reached XP level 3. HP: 22/24 MP: 2/7
   870 | D:2      | Found Culewnif's Magic Scroll Shoppe.
  1011 | D:2      | Learned a level 3 spell: Vampiric Draining
  1426 | D:3      | Reached skill level 4 in Spellcasting
  1426 | D:3      | Reached XP level 4. HP: 30/30 MP: 3/10
  1786 | D:2      | Reached skill level 5 in Necromancy
  1829 | D:3      | Reached XP level 5. HP: 35/35 MP: 6/12
  1881 | D:3      | Learned a level 4 spell: Animate Dead
  1887 | D:3      | Learned a level 5 spell: Curse of Agony
  1918 | D:3      | Reached skill level 5 in Spellcasting
  2558 | D:4      | Reached XP level 6. HP: 29/41 MP: 3/14
  3095 | D:4      | Noticed Dowan
  3340 | D:4      | Noticed Duvessa
  3365 | D:4      | Killed Duvessa
  3366 | D:4      | Reached skill level 6 in Spellcasting
  3366 | D:4      | Killed Dowan
  3503 | D:5      | Entered Level 5 of the Dungeon
  3581 | D:5      | Reached XP level 7. HP: 34/46 MP: 5/16
  3937 | D:5      | Noticed Ijyb
  3966 | D:5      | Killed Ijyb
  4178 | D:5      | Noticed Blork the orc
  4185 | D:5      | Killed Blork the orc
  4446 | D:5      | Found a shadowy altar of Dithmenos.
  4627 | D:5      | Found a staircase to the Ecumenical Temple.
  4754 | Temple   | Entered the Ecumenical Temple
  4762 | Temple   | Became a worshipper of Kikubaaqudgha
  5037 | D:6      | Reached XP level 8. HP: 52/52 MP: 2/17
  5600 | D:6      | Reached * piety under Kikubaaqudgha
  5600 | D:6      | Received a gift from Kikubaaqudgha
  6374 | D:7      | Noticed Maurice
  6376 | D:7      | Noticed Jeremiah
  6431 | D:7      | Killed Jeremiah
  6432 | D:7      | Reached skill level 7 in Spellcasting
  6432 | D:7      | Reached skill level 10 in Necromancy
  6600 | D:7      | Reached skill level 8 in Spellcasting
  6625 | D:7      | Maurice stole a +1 heavy trident
  6626 | D:7      | Maurice stole 323 gold
  6641 | D:7      | Something stole a +5 ring of evasion
  6642 | D:7      | Something stole an orb of mayhem
  6644 | D:7      | Killed Maurice
  6645 | D:7      | Reached skill level 9 in Spellcasting
  6645 | D:7      | Reached XP level 9. HP: 17/57 MP: 0/22
  6783 | D:7      | Learned a level 1 spell: Kiss of Death
  6787 | D:7      | Learned a level 3 spell: Fugue of the Fallen
  6790 | D:7      | Learned a level 2 spell: Cigotuvi's Dreadful Rot
  7219 | D:7      | Reached skill level 10 in Spellcasting
  7865 | D:7      | Reached skill level 11 in Spellcasting
  8115 | D:8      | Reached ** piety under Kikubaaqudgha
  8223 | D:7      | Reached skill level 12 in Spellcasting
  8223 | D:7      | Reached skill level 1 in Shields
  8493 | D:8      | Found a flagged portal.
  8513 | Bailey   | Entered a bailey
  8730 | Bailey   | Reached XP level 10. HP: 63/63 MP: 9/26
  9067 | Bailey   | Reached skill level 5 in Shields
  9296 | Bailey   | Reached *** piety under Kikubaaqudgha
  9296 | Bailey   | Received a gift from Kikubaaqudgha
  9793 | Bailey   | Acquired the staff of a Thousand Tusks {rPois rN+ rCorr
                  | Int+5 Dex-5 Necro}
  9962 | D:8      | Noticed a fire crab
 10156 | D:8      | Reached skill level 1 in Fighting
 10364 | D:8      | Found a staircase to the Lair.
 10492 | D:8      | Killed a fire crab
 10493 | D:8      | Reached skill level 5 in Fighting
 10811 | D:9      | Noticed an orange demon
 10813 | D:9      | Noticed Amaemon
 11129 | D:9      | Noticed Harold
 11442 | D:9      | Noticed Maggie
 11838 | D:9      | Killed Harold
 11838 | D:9      | Reached **** piety under Kikubaaqudgha
 11839 | D:9      | Reached XP level 11. HP: 65/84 MP: 0/27
 12148 | D:9      | Killed Maggie
 12330 | D:9      | Found a staircase to the Orcish Mines.
 12931 | D:10     | Entered Level 10 of the Dungeon
 13384 | D:10     | Noticed a two-headed ogre
 13406 | D:10     | Killed a two-headed ogre
 13998 | D:10     | Found a stormy altar of Qazlal.
 13998 | D:10     | Found a basalt altar of Yredelemnul.
 14116 | D:10     | Reached skill level 10 in Shields
 14398 | D:11     | Reached skill level 10 in Fighting
 14595 | D:11     | Found a radiant altar of Vehumet.
 14689 | D:11     | Reached skill level 13 in Spellcasting
 15328 | Lair:1   | Entered Level 1 of the Lair of Beasts
 15373 | Lair:1   | Identified the +6 scale mail of Compression {Will+}
 15409 | Lair:1   | Learned a level 4 spell: Dispel Undead
 15414 | Lair:1   | Learned a level 4 spell: Martyr's Knell
 15421 | Lair:1   | Learned a level 6 spell: Death Channel
 15455 | Lair:1   | Reached ***** piety under Kikubaaqudgha
 15465 | Lair:1   | Reached skill level 14 in Spellcasting
 15581 | Lair:1   | Noticed a skyshark
 15587 | Lair:1   | Killed a skyshark
 15789 | Lair:1   | Reached XP level 12. HP: 97/97 MP: 15/30
 17060 | Lair:2   | Found the +5 moon troll leather armour {Spirit, Regen++
                  | MP+5}
 17269 | Lair:2   | Noticed Fannar
 17277 | Lair:2   | Killed Fannar
 17420 | Lair:2   | Noticed a death yak
 17420 | Lair:2   | Noticed a death yak
 17420 | Lair:2   | Noticed a death yak
 17664 | Lair:2   | Killed a death yak
 17671 | Lair:2   | Killed a death yak
 17679 | Lair:2   | Killed a death yak
 18157 | Lair:3   | Found a staircase to the Snake Pit.
 18432 | D:2      | Bought a scroll of enchant weapon for 82 gold pieces
 18432 | D:2      | Bought a scroll of vulnerability for 44 gold pieces
 18432 | D:2      | Bought a scroll of poison for 44 gold pieces
 18432 | D:2      | Bought a scroll of enchant armour for 82 gold pieces
 18945 | Lair:3   | Found a staircase to the Shoals.
 19347 | Lair:3   | Reached skill level 1 in Evocations
 19407 | Lair:3   | Gained mutation: You are strongly in touch with the powers
                  | of death. [Mummy growth]
 19407 | Lair:3   | Reached XP level 13. HP: 98/113 MP: 13/31
 19859 | Lair:4   | You fall into a shaft and drop 1 floor!
 19859 | Lair:5   | Entered Level 5 of the Lair of Beasts
 19859 | Lair:5   | Found a staircase to the Slime Pits.
 19877 | Lair:4   | Reached skill level 1 in Armour
 19930 | Lair:4   | Found a gate leading to a gauntlet.
 19952 | Gauntlet | Entered a Gauntlet
 19952 | Gauntlet | Found a transporter.
 19952 | Gauntlet | Found a transporter.
 19952 | Gauntlet | Found a transporter.
 19991 | Gauntlet | Found a transporter.
 19994 | Gauntlet | Found a transporter.
 19998 | Gauntlet | Found a runed translucent door.
 19998 | Gauntlet | Found a runed translucent door.
 20002 | Gauntlet | Found a transporter.
 20005 | Gauntlet | Found a transporter.
 20014 | Gauntlet | Found a transporter.
 20029 | Gauntlet | Found the +8 storm bow {elec, penet}
 20031 | Gauntlet | Found a transporter.
 20036 | Gauntlet | Found a transporter.
 20039 | Gauntlet | Found a transporter.
 20050 | Gauntlet | Found a transporter.
 20385 | Gauntlet | Identified the ring "Naonix" {rPois EV+5 Str+3 Int+3}
 20583 | Gauntlet | Reached skill level 5 in Evocations
 20593 | Gauntlet | Identified the +6 halberd of the Middle {spect, rN+ Will+
                  | Dex-3}
 20595 | Gauntlet | Identified the ring "Hedewyus" {rC- MP+9 Int+3 Dex+5}
 20619 | Gauntlet | Identified the ring "Heblaot" {rElec rPois rF- Int+6}
 20619 | Gauntlet | Noticed a minotaur
 20643 | Gauntlet | Killed a minotaur
 20683 | Gauntlet | Identified the +0 kite shield of Zuown {Will+}
 20683 | Gauntlet | Identified the +0 leather armour "Zikoimex" {rElec rN++
                  | Dex-4}
 20686 | Gauntlet | Identified the +7 mace "Vebuepsa" {venom, *Rage rPois rN+++
                  | Dex+3}
 20686 | Gauntlet | Identified the +1 ring mail "Ago Jyra" {rC- rCorr Str+5}
 21666 | Lair:4   | Reached skill level 5 in Armour
 22165 | Lair:4   | Reached XP level 14. HP: 103/120 MP: 2/32
 22174 | Lair:4   | Reached skill level 15 in Spellcasting
 22794 | Orc:1    | Entered Level 1 of the Orcish Mines
 23447 | Orc:2    | Entered Level 2 of the Orcish Mines
 23841 | Orc:2    | Reached skill level 16 in Spellcasting
 24009 | Orc:2    | Found a staircase to the Elven Halls.
 24344 | Orc:2    | Noticed Urug
 24351 | Orc:2    | Killed Urug
 24570 | Orc:2    | Reached ****** piety under Kikubaaqudgha
 24790 | Orc:2    | Found Qefituc's Antique Weapon Emporium.
 24790 | Orc:2    | Found Ymykaj's General Store.
 24792 | Orc:2    | Found Lamnalu's Weapon Emporium.
 24792 | Orc:2    | Found Lole's Assorted Antiques.
 25099 | Orc:1    | Found Qatwitut's Armour Boutique.
 25478 | Orc:2    | Bought a scroll of brand weapon for 152 gold pieces
 25478 | Orc:2    | Bought a lightning rod (4/4) for 640 gold pieces
 25478 | Orc:2    | Bought a wand of iceblast (4) for 153 gold pieces
 25629 | D:9      | Killed Amaemon
 25963 | D:12     | Identified the +0 ring mail of Vampiric Thralls {rPois}
 26193 | D:12     | Noticed Nessos
 26214 | D:12     | Killed Nessos
 26532 | D:12     | Noticed Gastronok
 26541 | D:12     | Killed Gastronok
 27322 | Lair:5   | Reached XP level 15. HP: 120/126 MP: 3/35
 27998 | Lair:5   | Identified the serpent talisman of the Forgotten Seas {Fly
                  | rElec Int-3 Dex+5}
 29230 | D:13     | Reached skill level 10 in Evocations
 30094 | D:14     | Identified the +0 leather armour "Ickaivesch" {Int+3}
 30632 | D:14     | Identified the +8 rapier of Armageddon {freeze, rCorr Str-4
                  | Int-5 Dex+6}
 30827 | D:14     | Found a gate to the Vaults.
 30975 | D:15     | Entered Level 15 of the Dungeon
 31174 | D:15     | Identified the +6 scale mail of Divine Compulsion {rElec
                  | Dex+2}
 31176 | D:15     | Noticed Josephine
 31183 | D:15     | Killed Josephine
 31451 | D:15     | Reached skill level 17 in Spellcasting
 31635 | D:15     | Found a staircase to the Depths.
 31845 | D:15     | Reached XP level 16. HP: 133/133 MP: 23/37
 32080 | D:15     | Received a gift from Kikubaaqudgha (forbidden knowledge)
 32271 | Snake:1  | Entered Level 1 of the Snake Pit
 32427 | Snake:1  | Reached skill level 18 in Spellcasting
 32739 | Snake:1  | Learned a level 7 spell: Haunt
 32748 | Snake:1  | Learned a level 8 spell: Infestation
 33176 | Snake:2  | Reached skill level 19 in Spellcasting
 33380 | Snake:2  | Reached skill level 1 in Summonings
 33657 | Snake:2  | Learned a level 2 spell: Call Imp
 33911 | Snake:3  | Noticed Vashnia
 33947 | Snake:3  | Reached skill level 20 in Spellcasting
 34380 | Snake:3  | Killed Vashnia
 34613 | Snake:3  | Acquired the +8 ring mail "Xetwaqon" {rF+ Int+5}
 34696 | Snake:3  | Found a transporter.
 34698 | Snake:3  | Found a shimmering blue altar of Sif Muna.
 34751 | Snake:3  | Reached skill level 5 in Summonings
 34880 | Snake:3  | Your ally Vashnia died
 35135 | Snake:3  | Reached XP level 17. HP: 134/139 MP: 33/41
 35179 | Snake:3  | Found a transporter.
 35204 | Snake:3  | Identified the +0 cloak "Juacuonn" {rN+ Str+5 Int-5}
 35357 | Snake:4  | Entered Level 4 of the Snake Pit
 36293 | Snake:4  | Reached skill level 10 in Armour
 36311 | Snake:4  | Got a serpentine rune of Zot
 36656 | Shoals:1 | Entered Level 1 of the Shoals
 36719 | Shoals:1 | Noticed Frances
 36730 | Shoals:1 | Killed Frances
 36791 | Shoals:1 | Reached skill level 15 in Necromancy
 37217 | Shoals:1 | Found Uwaec's General Store.
 38628 | Shoals:3 | Found Paanihyotz's Armour Shoppe.
 38647 | Shoals:3 | Reached XP level 18. HP: 128/146 MP: 39/42
 38955 | Shoals:3 | Found a runed translucent door.
 38955 | Shoals:3 | Found a shimmering altar of Xom.
 38955 | Shoals:3 | Noticed Cuczuareg's ghost (adept TeAE)
 39047 | Shoals:3 | Killed Cuczuareg's ghost
 39060 | Shoals:3 | Learned a level 5 spell: Borgnjor's Vile Clutch
 39599 | Shoals:4 | Entered Level 4 of the Shoals
 39945 | Shoals:4 | Reached skill level 10 in Summonings
 40128 | Shoals:4 | Got a barnacled rune of Zot
 40763 | Shoals:4 | Got Thaumaturgy, Part Eight
 40831 | Shoals:4 | Found Entusiu's Assorted Antiques.
 40854 | Shoals:4 | Bought a wand of paralysis (8) for 441 gold pieces
 40854 | Shoals:4 | Bought a scroll of revelation for 172 gold pieces
 40854 | Shoals:4 | Bought a wand of light (3) for 289 gold pieces
 40854 | Shoals:4 | Bought a runed cloak for 172 gold pieces
 41911 | Vaults:1 | Entered Level 1 of the Vaults
 42013 | Vaults:1 | Found a magical portal.
 42033 | WizLab   | Entered Borgnjor's Mausoleum
 44127 | Vaults:1 | Reached XP level 19. HP: 152/152 MP: 28/43
 45334 | Vaults:1 | Found Pinnai's Weapon Boutique.
 45547 | Vaults:1 | Reached skill level 21 in Spellcasting
 45873 | Vaults:1 | Learned a level 4 spell: Anguish
 46601 | Vaults:2 | Reached skill level 22 in Spellcasting
 46608 | Vaults:2 | Reached skill level 1 in Earth Magic
 46613 | Vaults:2 | Found Mocs's Jewellery Shoppe.
 46949 | Vaults:2 | Found a staircase to the Crypt.
 48080 | Vaults:2 | Reached skill level 5 in Earth Magic
 48642 | Vaults:3 | Found a crumbling gateway.
 48652 | Vaults:3 | Reached XP level 20. HP: 159/159 MP: 26/46
 48763 | Desolati | Entered the Desolation of Salt
 48832 | Desolati | Identified the ring "Fots" {rN++ Will+ Slay+5 SInv}
 48834 | Desolati | Identified the amulet "Eqegikh Qutu" {Regen+ Dex+4 SInv}
 49024 | Desolati | Got the Compilation of Prime Ensorcelling
 49226 | Desolati | Identified the +8 morningstar of the Hungering Gods {pain,
                  | rCorr}
 49228 | Desolati | Got Piwkeann's Precepts of the Spellbinding Morgue
 49343 | Desolati | Identified the +3 scale mail of the Gardener {Rampage rC-
                  | rCorr Stlth+}
 49493 | Desolati | Identified the +0 leather armour of the Old World {Str+5
                  | Stlth+}
 49499 | Desolati | Identified the +7 hand axe of the Forging Rat {flame, rF+
                  | Str+3}
 49787 | Vaults:3 | Learned a level 3 spell: Stone Arrow
 49793 | Vaults:3 | Learned a level 5 spell: Lee's Rapid Deconstruction
 50147 | Vaults:3 | Found Didiprux's Magic Scroll Emporium.
 51000 | Vaults:3 | Bought a scroll of revelation for 165 gold pieces
 51000 | Vaults:3 | Bought a scroll of revelation for 165 gold pieces
 51000 | Vaults:3 | Bought a scroll of teleportation for 66 gold pieces
 51000 | Vaults:3 | Bought a scroll of enchant weapon for 165 gold pieces
 51659 | Vaults:4 | Reached XP level 21. HP: 143/165 MP: 2/47
 52370 | Vaults:4 | Reached skill level 10 in Earth Magic
 53036 | Crypt:1  | Entered Level 1 of the Crypt
 54796 | Crypt:1  | Identified the +0 pair of gloves "Otzeec" {Slay+2}
 54893 | Crypt:1  | Noticed Jory
 54899 | Crypt:1  | Killed Jory
 55038 | Crypt:1  | Found an ancient bone altar of Kikubaaqudgha.
 57115 | Crypt:3  | Entered Level 3 of the Crypt
 59336 | Crypt:3  | Found a staircase to the Tomb.
 60177 | Crypt:3  | Reached XP level 22. HP: 172/172 MP: 28/48
 61084 | Crypt:3  | Found an ancient bone altar of Kikubaaqudgha.
 61247 | Crypt:3  | Identified the amulet "Ubicefiem" {Acrobat rPois Str+6
                  | Int-4 Stlth+}
 61861 | Crypt:3  | Noticed an ancient lich
 61882 | Crypt:3  | Killed an ancient lich
 62054 | Crypt:3  | Identified the scarf of Upnemnuk {shadows, Dex+4}
 62580 | Crypt:2  | Found an ancient bone altar of Kikubaaqudgha.
 62873 | Tomb:1   | Entered Level 1 of the Tomb of the Ancients
 64839 | Tomb:1   | Noticed a royal mummy
 64847 | Tomb:1   | Killed a royal mummy
 65387 | Tomb:1   | Noticed a royal mummy
 65394 | Tomb:1   | Killed a royal mummy
 65945 | Depths:1 | Entered Level 1 of the Depths
 66001 | Depths:1 | Reached skill level 15 in Fighting
 66066 | Depths:1 | Found a gateway to Hell.
 66269 | Depths:1 | Found a sacrificial altar of Ru.
 66519 | Depths:1 | Identified the +3 ring mail of Hepliaklqana {rF+ rC+ Dex+2}
 66541 | Depths:1 | Found Ximoineg's Book Shop.
 66542 | Depths:1 | Found Xyvuduh's Jewellery Emporium.
 66543 | Depths:1 | Found Kos Modgh's Book Shop.
 66921 | Depths:2 | Found a one-way gate leading to the halls of Pandemonium.
 66965 | Depths:2 | Found Vamnim's Weapon Shoppe.
 67269 | Depths:2 | Noticed a caustic shrike
 67277 | Depths:2 | Killed a caustic shrike
 67654 | Depths:2 | Reached XP level 23. HP: 176/181 MP: 37/49
 67765 | Depths:2 | Noticed a caustic shrike
 67896 | Depths:2 | Reached skill level 23 in Spellcasting
 68073 | Depths:2 | Noticed a caustic shrike
 68077 | Depths:2 | Killed a caustic shrike
 68185 | Depths:2 | Killed a caustic shrike
 68483 | Depths:2 | Identified the ring "Ywixynt" {rElec rN+}
 68490 | Depths:2 | Noticed a caustic shrike
 68496 | Depths:2 | Killed a caustic shrike
 68879 | Depths:2 | Reached skill level 24 in Spellcasting
 69740 | Depths:3 | Found a one-way gateway to a ziggurat.
 70093 | Depths:3 | Reached skill level 1 in Hexes
 70331 | Depths:3 | Found a one-way gate to the infinite horrors of the Abyss.
 71291 | Depths:3 | Identified the staff "Qaesoivo" {rPois rN+ Str+4 Dex-2
                  | Alchemy}
 71699 | Depths:4 | Entered Level 4 of the Depths
 71714 | Depths:4 | Noticed a caustic shrike
 71714 | Depths:4 | Noticed a caustic shrike
 71715 | Depths:4 | Noticed a caustic shrike
 71724 | Depths:4 | Killed a caustic shrike
 71724 | Depths:4 | Killed a caustic shrike
 71725 | Depths:4 | Killed a caustic shrike
 72097 | Depths:4 | Noticed a juggernaut
 72103 | Depths:4 | Killed a juggernaut
 72136 | Depths:4 | Learned a level 3 spell: Passwall
 72140 | Depths:4 | Learned a level 3 spell: Swiftness
 72285 | Depths:4 | Found Xofile's Jewellery Shoppe.
 72359 | Depths:4 | Reached skill level 1 in Air Magic
 72464 | Depths:4 | Reached XP level 24. HP: 176/191 MP: 29/51
 72469 | Depths:4 | Reached skill level 5 in Hexes
 72698 | Depths:4 | Found a gate to the Realm of Zot.
 73265 | Elf:1    | Entered Level 1 of the Elven Halls
 73704 | Elf:1    | Noticed Donald
 73709 | Elf:1    | Killed Donald
 74826 | Elf:2    | Noticed Nilihum's ghost (adept AtFi)
 74828 | Elf:2    | Found a runed translucent gate.
 74828 | Elf:2    | Identified the +6 double sword of Narhiraq {holy, rF- rC+
                  | rCorr}
 74829 | Elf:2    | Found a runed translucent gate.
 74829 | Elf:2    | Identified the +6 mace "Tormentor" {flame, *Corrode rPois
                  | Int+4}
 74830 | Elf:2    | Found a runed translucent gate.
 74841 | Elf:2    | Found an iron altar of Okawaru.
 74892 | Elf:2    | Found Plog's Armour Shoppe.
 75090 | Elf:2    | Reached skill level 5 in Air Magic
 75159 | Elf:2    | Found a huge runed translucent gate.
 75159 | Elf:2    | Found a huge runed translucent gate.
 75159 | Elf:2    | Found a huge runed translucent gate.
 75159 | Elf:2    | Found a huge runed translucent gate.
 75159 | Elf:2    | Found a huge runed translucent gate.
 76165 | Elf:2    | Identified the blade talisman of Parts Unknown {Stlth+}
 76746 | Elf:1    | Killed Nilihum's ghost
 77070 | Elf:2    | Paralysed by an air elemental for 1 turns
 77217 | Elf:3    | Entered Level 3 of the Elven Halls
 77348 | Elf:3    | Noticed Asterion
 77351 | Elf:3    | Killed Asterion
 77534 | Elf:3    | Acquired the +0 hat "Siucos" {rF+}
 77535 | Elf:3    | Acquired the +1 pair of boots of Hedge Wizardry {Int+2}
 77536 | Elf:3    | Acquired a manual of Staves
 78049 | Elf:3    | Paralysed by an air elemental for 1 turns
 78051 | Elf:3    | Paralysed by an air elemental for 1 turns
 78276 | Elf:3    | Got the Codex of Embers
 79080 | Elf:3    | Identified the +13 crystal plate armour of Wu Jian's
                  | Outrage {rC+ Int+2 Dex+3}
 79095 | Elf:3    | Identified the +6 battleaxe "Fuoruxt" {freeze, rN+ Will+
                  | Str-5 Dex+3}
 79476 | Elf:3    | Identified the +5 trident of Fundamental Breach {pain, rF+}
 79520 | Elf:3    | Identified the +2 ring mail of the Elven Halls {rElec
                  | Dex+3}
 80163 | Elf:3    | Found Rutizam's Magic Scroll Shop.
 80171 | Elf:3    | Bought a scroll of fear for 64 gold pieces
 80171 | Elf:3    | Bought a scroll of teleportation for 48 gold pieces
 80171 | Elf:3    | Bought a scroll of revelation for 120 gold pieces
 80171 | Elf:3    | Bought a scroll of amnesia for 64 gold pieces
 80171 | Elf:3    | Bought a scroll of fear for 64 gold pieces
 80289 | Elf:3    | Identified the +8 spear of Upuhesituc {flame, rPois Str+4
                  | Int+2 SInv}
 80338 | Elf:3    | Identified the +1 war axe "Xaffuj" {freeze, rC++ Int+4}
 80358 | Elf:3    | Identified the staff "Jellybane" {rPois rF+++ Str-2 Earth
                  | Alchemy}
 80473 | Elf:3    | Identified the staff "Reikirghi" {rN+ Int+3 Necro}
 81138 | Slime:1  | Entered Level 1 of the Pits of Slime
 81785 | Slime:2  | Reached XP level 25. HP: 190/197 MP: 24/51
 82049 | Slime:2  | Reached skill level 5 in Dodging
 83338 | Slime:5  | Entered Level 5 of the Pits of Slime
 84460 | Slime:5  | Reached skill level 10 in Dodging
 84550 | Slime:5  | Found a viscous altar of Jiyva.
 84575 | Slime:5  | Noticed the Royal Jelly
 84581 | Slime:5  | Killed by an exploding slime creature zombie... ignited by
                  | their inner flame

Illustrated notes

Levels and vault maps discovered:
D:1:      amcnicky_arrival_gap_in_the_tavern_cellar, layout_rooms,
          serial_forest, infiniplex_forest_clump_small,
          infiniplex_forest_zigzag_1, infiniplex_forest_end_3,
          infiniplex_forest_straight_4, infiniplex_forest_pool,
          infiniplex_forest_straight_2, infiniplex_forest_end_double
D:2:      layout_rooms, serial_shops, nicolae_shop_rolled_up
D:3:      layout_rooms, minmay_misc_feat_enclosed, grunt_ministairs_3,
          minivault_19, st_stairs_5
D:4:      layout_basic, minmay_misc_feat_columns, uniq_duvessa
D:5:      layout_loops_ring, nicolae_overflow_crystal_walls,
          minmay_temple_entry_poolview, nicolae_figureground_pulse,
          uniq_blork_the_orc, uniq_ijyb
D:6:      layout_loops_ring, serial_co_window_serial, co_window_corner_a,
          co_window_corner_a, co_window_paths_a, co_window_corner_a,
          co_window_paths_a, co_window_broadway_a, co_window_corner_b,
          co_window_broadway_c, co_window_broadway_c, co_window_corner_cb,
          co_window_sun, co_window_paths_d, glass_columns_b, glass_columns_a,
          glass_columns_c, glass_columns_b
D:7:      layout_loops_corners, chequers_serial_rivers_micro_b, uniq_maurice,
          uniq_jeremiah
D:8:      layout_basic, minmay_lair_entry_lava, enter_bailey_5, hex_tiny
D:9:      layout_stronghold, hiddenorc1_lemuel, uniq_harold, uniq_maggie,
          uniq_amaemon
D:10:     layout_basic, mainiacjoe_overflow_big_doors
D:11:     layout_rooms, fiery_altar_vehumet
D:12:     layout_loops_ring, uniq_nessos, uniq_gastronok
D:13:     layout_long_grid
D:14:     layout_cross, grunt_vaults_entry_tiered, eino_curves_04,
          nicolae_elyvilon_peaceful_grove
D:15:     grunt_enter_depths_snipers, layout_gridville,
          hangedman_abyss_or_decor_passed, uniq_josephine
Temple:   hellmonk_temple_of_storms
Lair:1:   layout_roguey, chequers_serial_rivers_large_a
Lair:2:   beast_lair_carwin_large_2, layout_chaotic_city, uniq_fannar
Lair:3:   layout_cave_pods, elwin_shoals_entry_stream,
          guppyfry_snake_entry_island, infiniplex_staircase_pool_2,
          lemuel_fruit_fields, grunt_megastairs_2
Lair:4:   nzn_winding_woodlands_stair_cross [nzn_winding_woodlands_5x15_pool,
          nzn_winding_woodlands_center_triple_pond,
          nzn_winding_woodlands_5x15_pockets,
          nzn_winding_woodlands_5x5_perimeter,
          nzn_winding_woodlands_5x5_checkerboard,
          nzn_winding_woodlands_5x15_parted, nzn_winding_woodlands_center_lodge,
          nzn_winding_woodlands_5x15_cabin], layout_regular_city,
          gauntlet_entry_generic, chequers_serial_rivers_room_a,
          fungi_pond_lemuel, infiniplex_staircase_pool
Lair:5:   wormcave, layout_regular_city, nicolae_slime_entry_slimehenge
Shoals:1: nicolae_shoals_island_circles, layout_shoals, serial_shops,
          nicolae_shop_peninsula, uniq_frances
Shoals:2: layout_shoals
Shoals:3: layout_shoals, ebering_ghost_xom, serial_shops, shop,
          nicolae_shoals_land_atoll
Shoals:4: shoals_end_hangedman, layout_shoals, serial_shops,
          nicolae_shop_temple_entry_statues_fountains
Snake:1:  layout_grid_shapes
Snake:2:  layout_concentric_octagons
Snake:3:  gammafunk_sealed_library, layout_rooms, special_room, uniq_vashnia
Snake:4:  johnstein_snake_rune_scales, layout_cave_town
Slime:1:  layout_caves
Slime:2:  layout_caves, cheibrodos_slime_lost_civilization_5
Slime:3:  layout_caves
Slime:4:  layout_caves, nicolae_slime_welcoming_committee
Slime:5:  slime_pit_nicolae_inversion
Orc:1:    layout_caves, serial_shops, nicolae_shop_just_a_little_nook,
          kennysheep_orc_chapel
Orc:2:    grunt_orc_tribal_feast, layout_diamond_mine, nicolae_orc_beogh_chapel,
          uniq_urug
Elf:1:    nicolae_elf_arrival_no_cutting_in_line, layout_gridlike,
          evilmike_minifort, nicolae_elf_blasts_and_bolts, uniq_kirke,
          uniq_donald
Elf:2:    elven_hall_of_blades_hangedman_alternative [nicolae_blade_bullseye],
          layout_loops_cross, gammafunk_ghost_fury_of_okawaru, serial_shops,
          shop, serial_aquarium, aquarium_bridge_long_separate
          [aquarium_subvault_bridge, aquarium_subvault_window,
          aquarium_subvault_wall, aquarium_subvault_wall,
          aquarium_subvault_bridge, aquarium_subvault_bridge],
          aquarium_window_corner, aquarium_window_1, aquarium_view_2b,
          aquarium_view_2d, aquarium_balcony_1a, aquarium_pool_2
Elf:3:    minmay_elf_hall_not_hex, layout_loops_corners, serial_shops,
          nicolae_shop_statue_plus, nicolae_elf_loose_elemental_storage,
          uniq_asterion
Vaults:1: mu_enter_wizlab_1, nicolae_vaults_specimen_jars,
          nicolae_vaults_apartment_2, nicolae_vaults_octothorpe,
          nicolae_vaults_closet_pinwheel_4, vaults_standard_mumra_lines,
          dpeg_vaults_monster_box, nicolae_vaults_network_s,
          nicolae_vaults_stairing_the_circle, vaults_room_door_hall,
          st_spiral_rooms, vaults_room_pools, nicolae_vaults_little_squares_3,
          layout_vaults_omnibox, serial_shops, shop
Vaults:2: nicolae_vaults_offset_grid_hallway_3, minmay_crypt_entry_vampire_xt,
          v_misc_11, v_alt_pattern_4, ontoclasm_vaults_spin,
          nicolae_vaults_sesquioval_fish, nicolae_vaults_little_ls,
          ontoclasm_vaults_chip, v_misc_29, vaults_mumra_lcd, vaults_room_pools,
          layout_vaults_ring, serial_shops, shop
Vaults:3: portal_desolation_entry_nicolae_nacl, hangedman_vaults_cutoff,
          nicolae_vaults_spaceships, ontoclasm_vaults_eye,
          grunt_vaults_hallway_short, nicolae_vaults_sightless_eye,
          nicolae_vaults_diagonal_hallway_8, vaults_dpeg_diagonal,
          vaults_dpeg_emergency_exit, vaults_room_fours,
          nicolae_vaults_trapezoid_lopsided_1, layout_vaults_omnigrid,
          serial_shops, nicolae_shop_trees
Vaults:4: nicolae_vaults_network_quinsquares
          [nicolae_vaults_network_quincunx_subvault,
          nicolae_vaults_network_quincunx_subvault,
          nicolae_vaults_network_quincunx_subvault,
          nicolae_vaults_network_quincunx_subvault],
          nicolae_vaults_hexular_roomagon, nicolae_vaults_tetromino_T_1,
          nicolae_vaults_storage_closets_3, nicolae_vaults_little_squares_2,
          v_misc_18, v_misc_27, nicolae_vaults_three_branches, v_pattern_3,
          v_alt_pattern_1, nicolae_vaults_angled_halls, nicolae_vaults_house_2,
          layout_vaults_big_room
Crypt:1:  layout_misc_corridors, minivault_14, tombwall_bobbens, uniq_jory
Crypt:2:  layout_misc_corridors, lemuel_upstairs_altar
Crypt:3:  evilmike_haunted_forest
Tomb:1
Depths:1: layout_cave_pools, grunt_decor_arrowhead, hell_entry,
          kennysheep_another_room, nicolae_ru_sacrificial_ziggurat,
          serial_bayou_shore_b, minmay_shop_grove
Depths:2: hangedman_box_tower, layout_twisted_cross, serial_shops, shop,
          grunt_pan_entry_in_and_out, hell_entry
Depths:3: minmay_split_circle, layout_basic, enter_ziggurat_f,
          hangedman_decor_slide_cut, abyss_entry_small_statue_room, hell_entry,
          kennysheep_generic_room_4
Depths:4: grunt_zot_entry_hairpin, layout_cave_pools,
          hangedman_abyss_entry_splay, serial_shops,
          nicolae_shop_tiny_statue_garden, hell_entry, pan_entry,
          statue_in_the_mist_lemuel

Skill      XL: |  1  2  3  4  5  6  7  8  9 10 11 12 13 14 15 16 17 18 19 20 21 22 23 24 25 |
---------------+----------------------------------------------------------------------------+-----
Spellcasting   | 3 4 5 6 9 12 14 16 17 20 22 24 | 24.0
Dodging        | 2 4 10 | 10.9
Stealth        | 2 |  2.0
Necromancy     | 5 6 9 10 11 12 13 14 16 18 20 21 22 | 22.0
Shields        | 4 8 10 12 13 14 | 14.0
Fighting       | 7 10 14 15 16 | 16.0
Evocations     | 2 6 8 10 12 13 14 | 14.0
Armour         | 6 8 10 11 12 | 12.0
Summonings     | 6 8 12 | 12.0
Earth Magic    | 5 9 13 14 | 14.0
Hexes          | 4 8 |  8.0
Air Magic      | 1 8 |  8.0

Action                     |  1- 3 |  4- 6 |  7- 9 | 10-12 | 13-15 | 16-18 | 19-21 | 22-24 | 25-27 || total
---------------------------+-------+-------+-------+-------+-------+-------+-------+-------+-------++-------
  Melee: Spear             |       |    12 |    18 |       |       |       |       |       |       ||    30
         Dagger            |       |       |    14 |       |       |       |       |       |       ||    14
         Trident           |       |       |   121 |   112 |    93 |     3 |       |       |       ||   329
         Staff             |       |       |       |   196 |   523 |   613 |   309 |   295 |    74 ||  2010
         Morningstar       |       |       |       |       |     9 |       |     6 |       |       ||    15
         Glaive            |       |       |       |       |     3 |       |       |       |       ||     3
   Cast: Necrotise         |    66 |    97 |   123 |   172 |    76 |     7 |     1 |       |       ||   542
         Vampiric Draining |       |     4 |    53 |   168 |   240 |   193 |     4 |       |     1 ||   663
         Animate Dead      |       |     1 |    10 |    20 |    37 |    21 |    11 |    16 |     7 ||   123
         Fugue of the Fall |       |       |    10 |    19 |    44 |    39 |    15 |     7 |     9 ||   143
         Kiss of Death     |       |       |     4 |     4 |       |       |       |       |       ||     8
         Curse of Agony    |       |       |     1 |    16 |    79 |    94 |     5 |       |       ||   195
         Death Channel     |       |       |       |     6 |    41 |    36 |    15 |    19 |     7 ||   124
         Martyr's Knell    |       |       |       |     4 |     3 |       |       |     1 |       ||     8
         Dispel Undead     |       |       |       |       |    29 |   100 |   247 |    60 |       ||   436
         Call Imp          |       |       |       |       |       |     3 |     1 |     1 |       ||     5
         Haunt             |       |       |       |       |       |     3 |    49 |   104 |    23 ||   179
         Borgnjor's Vile C |       |       |       |       |       |     1 |   146 |   329 |     6 ||   482
         Anguish           |       |       |       |       |       |       |     9 |     5 |       ||    14
         Lee's Rapid Decon |       |       |       |       |       |       |    92 |   172 |    12 ||   276
         Stone Arrow       |       |       |       |       |       |       |     2 |    31 |    18 ||    51
         Infestation       |       |       |       |       |       |       |     1 |     2 |     8 ||    11
         Swiftness         |       |       |       |       |       |       |       |     1 |       ||     1
         Passwall          |       |       |       |       |       |       |       |     1 |       ||     1
 Invoke: Torment           |       |       |       |     3 |     3 |     6 |       |       |     3 ||    15
         Unearth Wretches  |       |       |       |       |     3 |     5 |     8 |     5 |     2 ||    23
         Receive Forbidden |       |       |       |       |       |     1 |       |       |       ||     1
  Evoke: Wand              |       |     2 |    10 |    27 |     3 |     7 |     3 |     4 |       ||    56
         Sack of spiders   |       |       |       |     1 |     5 |     1 |     1 |       |       ||     8
         Tin of tremorston |       |       |       |       |     4 |     5 |     3 |     2 |       ||    14
         Lightning rod     |       |       |       |       |    13 |     4 |       |       |       ||    17
         Phantom mirror    |       |       |       |       |       |       |       |     1 |       ||     1
    Use: Scroll            |       |       |       |    10 |     4 |    12 |     6 |     3 |     2 ||    37
   Stab: Sleeping          |       |       |     1 |     3 |       |       |       |       |       ||     4
         Distracted        |       |       |       |     2 |     8 |    17 |     1 |     6 |     3 ||    37
         Paralysed         |       |       |       |       |     4 |     4 |     6 |     2 |     1 ||    17
         Petrified         |       |       |       |       |     3 |       |       |       |       ||     3
 Armour: Robe              |     3 |    21 |   129 |   102 |       |       |       |       |       ||   255
         Leather armour    |       |       |       |   272 |    58 |   183 |       |       |       ||   513
         Scale mail        |       |       |       |       |   793 |       |       |       |       ||   793
         Ring mail         |       |       |       |       |       |   652 |   387 |   386 |   141 ||  1566
  Dodge: Dodged            |     8 |    14 |   164 |   240 |   491 |   412 |   239 |   170 |    94 ||  1832
  Block: Kite shield       |       |       |     2 |   308 |   794 |   230 |    36 |       |       ||  1370
         Tower shield      |       |       |       |       |       |   990 |   563 |   524 |   184 ||  2261
